AoeStats
← Liquidator

Arena

505442781Analyzed
3v3 RM · 24d ago on Sep 9, 2026· 47m 36s· 6 players
Game mode
Random Map
Map size
Normal (6 player)
Population
200
Speed
Normal
Resources
Standard
Victory
Conquest
Starting age
Dark Age
Ending age
Imperial Age
RankedLock teamsTeams togetherTeam positionsShared explorationLock speedFull tech treeHidden civsTurbo modeCheats
Victory
Defeat
🇩🇪 Wei · Germany
1263
+12
🇨🇳 Lithuanians · China
1217
+14
🇬🇧 Slavs · United Kingdom
1166
+16
🇺🇸 Britons · United States
1215
-16
🇦🇺 Portuguese · Australia
1167
-14
🇺🇸 Khmer · United States
1133
-12
鲨丁鱼
11:31 Feudal Age
12:48 Double-Bit Axe
15:22 Castle Age
13:12 Horse Collar
22:42 Wheelbarrow
24:10 Bow Saw
24:05 Heavy Plow
24:02 Stone Mining
24:10 Gold Mining
26:51 Stone Shaft Mining
30:40 Imperial Age
28:31 Hand Cart
30:26 Scale Barding Armor
30:43 Elite Leitis
32:03 Chain Barding Armor
33:38 Guilds
34:36 Plate Barding Armor
34:12 Forging
34:32 Bloodlines
34:23 Husbandry
36:43 Devotion
37:19 Iron Casting
36:36 Loom
36:40 Town Watch
37:57 Fletching
39:21 Bodkin Arrow
40:01 Conscription
40:16 Hoardings
39:59 Masonry
46:10 Faith
46:28 Bracer
Liquidator
8:38 Feudal Age
9:04 Horse Collar
9:10 Double-Bit Axe
10:14 Gold Mining
13:50 Loom
14:41 Wheelbarrow
16:52 Stone Mining
19:26 Castle Age
17:42 Fletching
21:04 Stone Shaft Mining
21:32 Bodkin Arrow
22:58 Bow Saw
23:38 Heavy Plow
25:27 Gold Shaft Mining
26:47 Hand Cart
26:18 Town Watch
31:40 Imperial Age
29:20 Scale Barding Armor
30:32 Chain Barding Armor
30:44 Bloodlines
30:35 Husbandry
31:05 Padded Archer Armor
31:28 Ballistics
31:38 Forging
32:14 Thumb Ring
32:49 Parthian Tactics
32:28 Bracer
32:43 Leather Archer Armor
32:50 Town Patrol
33:19 Conscription
32:44 Capped Ram
34:37 Chemistry
33:38 Capped Ram
35:14 Ming Guang Armor
35:27 Ring Archer Armor
35:46 Siege Ram
38:55 Masonry
38:42 Murder Holes
43:20 Treadmill Crane
43:30 Heated Shot
43:51 Fortified Wall
43:31 Guard Tower
43:51 Clinker Construction
43:52 Careening
44:15 Crop Rotation
43:09 Crossbowman
43:53 Scale Mail Armor
44:03 Forging
43:15 Elite Tiger Cavalry
43:17 Onager
44:59 Chain Mail Armor
45:27 Sanctity
45:08 Devotion
45:33 Illumination
45:24 Block Printing
45:19 Fervor
45:45 Theocracy
46:24 Elite Skirmisher
47:32 Faith
47:53 Keep
47:39 Carvel Hull
48:05 Iron Casting
46:53 Heavy Hei Guang Cavalry
46:53 Light Cavalry
cold killer
10:33 Feudal Age
14:56 Castle Age
13:14 Double-Bit Axe
13:22 Horse Collar
15:38 Heavy Plow
24:21 Wheelbarrow
25:29 Detinets
26:21 Hand Cart
27:24 Bow Saw
30:56 Imperial Age
28:24 Gold Mining
28:41 Scale Barding Armor
28:30 Stone Mining
29:50 Gold Shaft Mining
29:28 Forging
30:04 Chain Barding Armor
30:00 Scale Mail Armor
30:08 Husbandry
30:18 Bloodlines
29:50 Pikeman
30:31 Squires
31:45 Iron Casting
31:26 Chain Mail Armor
31:56 Padded Archer Armor
31:46 Fletching
31:35 Elite Boyar
32:36 Conscription
31:59 Halberdier
33:52 Hoardings
33:27 Bodkin Arrow
36:43 Blast Furnace
36:18 Plate Barding Armor
37:50 Ballistics
38:31 Chemistry
37:44 Onager
42:52 Siege Engineers
42:58 Fortified Wall
42:58 Masonry
44:26 Two-Man Saw
45:45 Caravan
47:22 Town Watch
47:23 Loom
SlickPup7427097
10:57 Feudal Age
16:28 Castle Age
14:50 Double-Bit Axe
15:15 Horse Collar
18:54 Fletching
22:19 Wheelbarrow
23:49 Bodkin Arrow
25:25 Bow Saw
25:56 Padded Archer Armor
26:38 Ballistics
26:29 Heavy Plow
30:17 Imperial Age
27:23 Pikeman
28:03 Loom
28:17 Gold Mining
28:35 Crossbowman
29:05 Treadmill Crane
29:36 Masonry
31:07 Bracer
31:53 Hand Cart
32:17 Scale Mail Armor
32:48 Forging
33:52 Leather Archer Armor
33:16 Arbalester
34:51 Conscription
35:39 Yeomen
37:03 Hoardings
36:14 Halberdier
38:07 Chain Mail Armor
40:51 Architecture
40:33 Careening
slimsadie1831
11:19 Feudal Age
14:06 Castle Age
11:58 Double-Bit Axe
12:02 Horse Collar
22:14 Bow Saw
22:43 Wheelbarrow
23:28 Heavy Plow
25:28 Hand Cart
25:34 Scale Mail Armor
25:44 Forging
25:50 Gold Mining
25:51 Stone Mining
27:07 Gold Shaft Mining
30:25 Imperial Age
27:30 Pikeman
30:46 Ballistics
31:09 Iron Casting
30:50 Chain Mail Armor
32:32 Chemistry
33:48 Stone Shaft Mining
33:47 Heavy Scorpion
36:15 Double Crossbow
36:27 Halberdier
38:12 Blast Furnace
37:21 Siege Engineers
38:53 Conscription
39:28 Fortified Wall
Dark Assassin19
11:46 Feudal Age
16:08 Castle Age
13:55 Double-Bit Axe
15:14 Gold Mining
23:51 Imperial Age
22:24 Stone Mining
25:32 Wheelbarrow
24:43 Loom
26:21 Chemistry
27:32 Hand Cart
33:20 Cavalier
34:10 Bloodlines
34:01 Husbandry
34:15 Scale Barding Armor
34:49 Fortified Wall
35:00 Ballistics
36:43 Conscription
36:50 Chain Barding Armor
37:00 Bombard Tower
37:41 Forging
37:31 Fletching
38:10 Arquebus
39:12 Bodkin Arrow
41:34 Crossbowman
42:20 Thumb Ring
41:44 Elite Organ Gun
43:39 Bracer
44:19 Bow Saw
Connection lost

Rejoining the realm…

Still unreachable

The connection could not be restored.

Session expired

The server has moved on; the page needs a fresh start.